 Dungeon Crawl Stone Soup version 0.29.0-4-gdea44cf6ec (webtiles) character file.

Game seed: 15303456557302776025

4364 qw the Cleaver (level 10, -13/80 HPs)
             Began as a Formicid Cinder Acolyte on Sept 4, 2022.
             Was an Initiate of Ignis.
             Killed from afar by Erica (21 damage)
             ... with a bolt of poison
             ... on level 8 of the Dungeon.
             The game lasted 00:03:41 (10240 turns).

qw the Cleaver (Formicid Cinder Acolyte)           Turns: 10240, Time: 00:03:42

Health: -13/80     AC: 26    Str: 24    XL:     10   Next: 60%
Magic:  11/11      EV: 11    Int: 13    God:    Ignis [......]
Gold:   424        SH:  5    Dex:  9    Spells: 11/11 levels left

rFire   + . .      SeeInvis +   Y - +0 war axe
rCold   . . .      Faith    .   (no shield)
rNeg    . . .      Spirit   .   q - +0 plate armour
rPois   .          Reflect  +   (helmet unavailable)
rElec   .          Harm     .   s - +0 cloak
rCorr   .          Rampage  .   d - +0 pair of gloves
Will    +....                   (no boots)
Stlth   ..........              t - amulet of reflection
HPRegen 0.23/turn               j - +4 ring of protection
MPRegen 0.12/turn               n - +4 ring of evasion

@: lethally poisoned (-13 -> -33), fiery-armoured
A: permanent stasis, dig shafts and tunnels, antennae 3, four strong arms
a: Dig, Shaft Self, Renounce Religion, Rising Flame


You were on level 8 of the Dungeon.
You worshipped Ignis.
Ignis was noncommittal.
You visited 1 branch of the dungeon, and saw 8 of its levels.

You collected 424 gold pieces.


Innate Abilities, Weirdness & Mutations

You cannot be hasted, slowed, berserked, paralysed or teleported.
You can dig through walls and to a lower floor.
You have a pair of large antennae on your head. (SInv)
Your four strong arms can wield two-handed weapons with a shield.


   Skills:
 - Level 8.0 Fighting
 - Level 12.0 Axes
 - Level 1.2 Throwing
 + Level 6.1 Armour
 - Level 1.0 Dodging
 - Level 1.1 Spellcasting
 - Level 3.0 Fire Magic


You had 11 spell levels left.
You didn't know any spells.
Your spell library contained the following spells:

 Spells                   Type           Power      Damage    Failure   Level
 Scorch                   Fire           16%        2d5       87%         2

Inventory:

Hand Weapons
 o - a +2 hand axe of flaming
 Y - a +0 war axe (weapon)
Armour
 b - a +3 plate armour
 d - a +0 pair of gloves (worn)
 q - a +0 plate armour (worn)
 s - a +0 cloak (worn)
Jewellery
 j - a +4 ring of protection (left hand)
 n - a +4 ring of evasion (right hand)
 t - an amulet of reflection (around neck)
Wands
 l - a wand of digging (3)
Scrolls
 a - 2 scrolls of identify
 g - a scroll of teleportation
Potions
 c - 2 potions of mutation
 k - 2 potions of haste
 m - 2 potions of might

Dungeon Overview and Level Annotations

Branches:
Dungeon (8/15)             Temple (0/1) D:5
   Lair: D:8-11

Altars:
Ashenzari
Cheibriados
Dithmenos
Gozag
Hepliaklqana
Makhleb
Nemelex Xobeh
Ru
Yredelemnul

Shops:
D:1 !

Annotations:
D:6 1 runed translucent door, Crazy Yiuf
D:8 Erica


Message History

Erica is severely wounded.
Erica points at you and mumbles some strange words.
The bolt of poison hits you!
You are poisoned.
You closely miss Erica.
Erica is severely wounded.
You feel very sick.
You closely miss Erica.
Erica is severely wounded.
You feel sick. Erica casts a spell at you. You resist with some effort.
You hit Erica but do no damage.
Erica is severely wounded.
You feel sick. Erica casts a spell at you. You resist with some effort.
You barely miss Erica.
Erica is severely wounded.
You feel sick. Erica gestures at you while chanting.
The lance of force misses you.
You closely miss Erica.
Erica is severely wounded.
You feel sick. Erica hits you but does no damage.
Erica is burned by your cloak of flames.
Erica is almost dead.
You hit Erica but do no damage.
Erica is almost dead.
You feel sick. Erica hits you but does no damage.
Erica is burned by your cloak of flames.
Erica is almost dead.
An orc comes into view. It is wielding a +0 flail.
You hit Erica but do no damage.
Erica is almost dead.
You feel sick. Erica gestures at you while chanting.
The bolt of poison hits you!!
You are lethally poisoned!
You die...

..~......#
##.###)..........##
..~##..#.#
##.#.##########... #
#...#... ##.## ####
..#####.# #.# # ~#. >#
#.# # #~## # ##.## ### #
# #...###.#########
...#####.#..........[...
......@@...#.....#######
.....####.###...## ...
#.# ##.## o #.# ### #.#
..# ###


You could see Erica (invisible) and an orc.

Vanquished Creatures
  A hornet (D:8)
  Sigmund (D:6)
  2 steam dragons (D:8)
  Edmund (D:6)
  Duvessa (D:6)
  A water moccasin (D:7)
  3 orc warriors (D:8)
  4 black bears
  3 ice beasts
  A sky beast (D:8)
  4 ogres
  2 centaurs (D:8)
  2 phantoms
  3 bullfrogs (D:8)
  A kobold brigand (D:7)
  A necrophage (D:5)
  A gnoll sergeant (D:8)
  4 scorpions
  6 wights
  Dowan (D:6)
  A killer bee (D:8)
  A jelly (D:6)
  A crimson imp (D:6)
  5 hounds
  3 orc priests
  2 iguanas (D:6)
  Ijyb (D:3)
  6 orc wizards
  7 gnolls
  5 adders
  4 white imps
  2 ufetubi (D:7)
  3 worms
  3 dart slugs
  14 orcs
  7 ball pythons
  4 bats
  10 endoplasms
  6 giant cockroaches
  14 goblins
  6 hobgoblins
  10 jackals
  2 quokkas
  2 frilled lizards
  12 kobolds
  A rat (D:1)
175 creatures vanquished.

Notes
Turn   | Place    | Note
-------+----------+-------------------------------------------
     0 | D:1      | qw the Formicid Cinder Acolyte began the quest for the Orb.
     0 | D:1      | Reached XP level 1. HP: 18/18 MP: 2/2
     0 | D:1      | 0 ||| qw: Version: 0.1-a-103-gd6f5d3a
     0 | D:1      | 0 ||| qw: Game counter: 5566
     0 | D:1      | 0 ||| qw: Always use a shield: true
     0 | D:1      | 0 ||| qw: God list: Okawaru
     0 | D:1      | 0 ||| qw: Allow faded altars: false
     0 | D:1      | 0 ||| qw: Do Orc after D:15 true
     0 | D:1      | 0 ||| qw: Do second Lair branch before Depths: true
     0 | D:1      | 0 ||| qw: Lair rune preference: random
     0 | D:1      | 0 ||| qw: Plans: Normal
     0 | D:1      | 0 ||| PLANNING D:1-11
    42 | D:1      | Found a faded altar of an unknown god.
    51 | D:1      | 51 ||| INVOKING Fiery Armour.
   311 | D:1      | 311 ||| Stepping ~*~*~tactically~*~*~ (hiding).
   430 | D:1      | Reached XP level 2. HP: 24/24 MP: 3/3
   752 | D:1      | Reached skill level 4 in Axes
   752 | D:1      | Reached XP level 3. HP: 28/29 MP: 4/4
   834 | D:1      | 834 ||| Stepping ~*~*~tactically~*~*~ (stealth).
  1021 | D:1      | 1021 ||| INVOKING Fiery Armour.
  1194 | D:1      | Found Uclod's Distillery.
  1202 | D:1      | 1202 ||| SHOPLISTING potion of curing (39 gold, have 32).
  1440 | D:1      | Reached skill level 1 in Dodging
  1629 | D:1      | 1629 ||| UPGRADING to +0 leather armour.
  1639 | D:1      | 1639 ||| DROPPING +0 robe.
  1640 | D:1      | 1640 ||| UPGRADING to +4 ring of protection.
  1641 | D:1      | 1641 ||| READING scroll labelled LUL TUBEF FUPO.
  1642 | D:1      | 1642 ||| READING 3 scrolls labelled PACLUY HUMNE.
  1782 | D:1      | 1782 ||| READING 2 scrolls labelled DUAKHE UVUHUAW.
  1783 | D:1      | 1783 ||| READING scroll labelled LEUN DAURIODGH.
  1784 | D:1      | 1784 ||| DRINKING 2 pink potions.
  1785 | D:1      | 1785 ||| DROPPING 2 scrolls of torment.
  2263 | D:2      | Found a sacrificial altar of Ru.
  2285 | D:2      | Reached XP level 4. HP: 35/35 MP: 5/5
  2286 | D:2      | 2286 ||| Stepping ~*~*~tactically~*~*~ (stealth).
  2287 | D:2      | 2287 ||| Stepping ~*~*~tactically~*~*~ (stealth).
  2387 | D:2      | 2387 ||| READING scroll of enchant weapon.
  2387 | D:2      | 2387 ||| ENCHANTING +0 hand axe of flaming.
  2553 | D:2      | 2553 ||| UPGRADING to +0 ring mail.
  2563 | D:2      | 2563 ||| DROPPING +0 leather armour.
  2564 | D:2      | 2564 ||| UPGRADING to ring of protection from cold.
  2565 | D:2      | 2565 ||| READING scroll labelled FIETWU WYCLOZI.
  2566 | D:2      | 2566 ||| DRINKING 3 bubbling yellow potions.
  2609 | D:3      | Reached skill level 1 in Armour
  2686 | D:3      | Noticed Ijyb
  2712 | D:3      | Killed Ijyb
  2808 | D:3      | Reached XP level 5. HP: 21/41 MP: 6/6
  2977 | D:3      | Noticed an ogre
  2978 | D:3      | 2978 ||| INVOKING Fiery Armour.
  2980 | D:3      | Reached skill level 5 in Axes
  2984 | D:3      | 2984 ||| Stepping ~*~*~tactically~*~*~ (hiding).
  2988 | D:3      | Killed an ogre
  2992 | D:3      | Reached XP level 6. HP: 14/47 MP: 7/7
  3286 | D:3      | 3286 ||| INVOKING Fiery Armour.
  3288 | D:3      | Reached skill level 6 in Axes
  3435 | D:3      | 3435 ||| Stepping ~*~*~tactically~*~*~ (stealth).
  3437 | D:3      | 3437 ||| Stepping ~*~*~tactically~*~*~ (stealth).
  3450 | D:3      | 3450 ||| Stepping ~*~*~tactically~*~*~ (stealth).
  3560 | D:3      | 3560 ||| Stepping ~*~*~tactically~*~*~ (hiding).
  3563 | D:3      | 3563 ||| Stepping ~*~*~tactically~*~*~ (hiding).
  3744 | D:3      | 3744 ||| UPGRADING to +0 scale mail.
  3754 | D:3      | 3754 ||| DROPPING +0 ring mail.
  3755 | D:3      | 3755 ||| DROPPING ring of magical power.
  3771 | D:4      | 3771 ||| STAIRDANCE
  3821 | D:4      | 3821 ||| INVOKING Fiery Armour.
  3824 | D:4      | Reached XP level 7. HP: 19/54 MP: 8/8
  3824 | D:4      | 3824 ||| STAIRDANCE
  4058 | D:4      | Reached skill level 7 in Axes
  4077 | D:4      | 4077 ||| FLEEEEING.
  4081 | D:4      | 4081 ||| STAIRDANCE
  4231 | D:4      | Reached skill level 1 in Throwing
  4271 | D:4      | Found a shadowy altar of Dithmenos.
  4476 | D:4      | Found a broken altar of Ashenzari.
  4839 | D:4      | Found an opulent altar of Gozag.
  4953 | D:4      | 4953 ||| UPGRADING to +0 plate armour.
  4963 | D:4      | 4963 ||| DROPPING +0 scale mail.
  4964 | D:4      | 4964 ||| UPGRADING to +0 cloak.
  4969 | D:4      | 4969 ||| DROPPING +6 ring of dexterity.
  4970 | D:4      | 4970 ||| UPGRADING to +6 ring of strength.
  4972 | D:4      | 4972 ||| DROPPING ring of protection from cold.
  4973 | D:4      | 4973 ||| READING 3 scrolls labelled LOSAXZ USCHOMU.
  4974 | D:4      | 4974 ||| DRINKING 3 murky cyan potions.
  4975 | D:4      | 4975 ||| DRINKING 2 blue potions.
  4976 | D:4      | 4976 ||| READING 2 scrolls of identify.
  4976 | D:4      | 4976 ||| IDENTIFYING puce potion
  5016 | D:5      | Entered Level 5 of the Dungeon
  5016 | D:5      | Found a staircase to the Ecumenical Temple.
  5080 | D:5      | 5080 ||| Stepping ~*~*~tactically~*~*~ (stealth).
  5081 | D:5      | 5081 ||| Stepping ~*~*~tactically~*~*~ (stealth).
  5082 | D:5      | 5082 ||| Stepping ~*~*~tactically~*~*~ (stealth).
  5312 | D:5      | Found a basalt altar of Yredelemnul.
  5365 | D:5      | Reached skill level 3 in Armour
  5365 | D:5      | Reached XP level 8. HP: 54/60 MP: 9/9
  5425 | D:5      | 5425 ||| Stepping ~*~*~tactically~*~*~ (stealth).
  5431 | D:5      | 5431 ||| Stepping ~*~*~tactically~*~*~ (stealth).
  5434 | D:5      | HP: 15/60 [ogre/+0 giant club (20)]
  5435 | D:5      | 5435 ||| DRINKING 3 potions of heal wounds.
  5436 | D:5      | 5436 ||| INVOKING Fiery Armour.
  5438 | D:5      | Reached skill level 8 in Axes
  5736 | D:5      | 5736 ||| READING scroll of enchant weapon.
  5736 | D:5      | 5736 ||| ENCHANTING +1 hand axe of flaming.
  5841 | D:5      | 5841 ||| UPGRADING to amulet of reflection.
  5846 | D:5      | 5846 ||| READING scroll labelled ZUMUAH PIMU.
  5847 | D:5      | 5847 ||| READING scroll labelled GADY NONEOTRUIRO.
  5848 | D:5      | 5848 ||| READING scroll labelled ONNAEH IPUAD.
  5849 | D:5      | 5849 ||| READING scroll labelled GOABRIG AXTIM.
  5850 | D:5      | 5850 ||| DRINKING 2 clear potions.
  5895 | D:5      | 5895 ||| READING 2 scrolls of identify.
  5895 | D:5      | 5895 ||| IDENTIFYING grey potion
  5896 | D:5      | 5896 ||| DROPPING potion of brilliance.
  5897 | D:5      | 5897 ||| DROPPING potion of lignification.
  6063 | D:6      | Found a runed translucent door.
  6064 | D:6      | Noticed Crazy Yiuf
  6140 | D:6      | 6140 ||| Stepping ~*~*~tactically~*~*~ (hiding).
  6196 | D:6      | 6196 ||| Stepping ~*~*~tactically~*~*~ (hiding).
  6198 | D:6      | 6198 ||| Stepping ~*~*~tactically~*~*~ (hiding).
  6199 | D:6      | 6199 ||| Stepping ~*~*~tactically~*~*~ (hiding).
  6272 | D:6      | Noticed Sigmund
  6273 | D:6      | 6273 ||| Stepping ~*~*~tactically~*~*~ (stealth).
  6276 | D:6      | 6276 ||| Stepping ~*~*~tactically~*~*~ (hiding).
  6280 | D:6      | 6280 ||| DRINKING 4 potions of curing.
  6280 | D:6      | 6280 ||| (to cure confusion)
  6290 | D:6      | Killed Sigmund
  6291 | D:6      | 6291 ||| FLEEEEING.
  6292 | D:6      | 6292 ||| FLEEEEING.
  6293 | D:6      | 6293 ||| FLEEEEING.
  6294 | D:6      | 6294 ||| FLEEEEING.
  6295 | D:6      | 6295 ||| FLEEEEING.
  6296 | D:6      | 6296 ||| FLEEEEING.
  6347 | D:6      | Identified the amulet "Cuucon" {*Corrode Regen+ Str+3 SInv}
  6415 | D:6      | Noticed Duvessa
  6416 | D:6      | 6416 ||| Stepping ~*~*~tactically~*~*~ (stealth).
  6419 | D:6      | 6419 ||| Stepping ~*~*~tactically~*~*~ (stealth).
  6433 | D:6      | Killed Duvessa
  6434 | D:6      | Reached skill level 9 in Axes
  6434 | D:6      | Reached XP level 9. HP: 68/68 MP: 10/10
  6434 | D:6      | Noticed Dowan
  6447 | D:6      | Killed Dowan
  6455 | D:6      | 6455 ||| FLEEEEING.
  6473 | D:6      | 6473 ||| Stepping ~*~*~tactically~*~*~ (stealth).
  6477 | D:6      | 6477 ||| Stepping ~*~*~tactically~*~*~ (stealth).
  6478 | D:6      | 6478 ||| Stepping ~*~*~tactically~*~*~ (stealth).
  6491 | D:6      | Reached skill level 6 in Fighting
  6622 | D:6      | 6622 ||| Stepping ~*~*~tactically~*~*~ (stealth).
  6624 | D:6      | 6624 ||| INVOKING Fiery Armour.
  6674 | D:6      | 6674 ||| Stepping ~*~*~tactically~*~*~ (stealth).
  6680 | D:6      | 6680 ||| DRINKING 3 potions of curing.
  6680 | D:6      | 6680 ||| (to cure confusion)
  6775 | D:6      | 6775 ||| SWAPPING to +0 war axe.
  6778 | D:6      | Found a burning altar of Makhleb.
  6843 | D:6      | Found a sparkling altar of Nemelex Xobeh.
  6928 | D:6      | Noticed Edmund
  6943 | D:6      | Killed Edmund
  6944 | D:6      | Reached skill level 10 in Axes
  7104 | D:6      | 7104 ||| INVOKING Fiery Armour.
  7117 | D:6      | HP: 11/66 [wight/+0 halberd (10)]
  7118 | D:6      | 7118 ||| DRINKING 2 potions of heal wounds.
  7474 | D:6      | 7474 ||| DROPPING amulet "Cuucon" {*Corrode Regen+ Str+3
                  | SInv}.
  7475 | D:6      | 7475 ||| UPGRADING to +4 ring of evasion.
  7477 | D:6      | 7477 ||| DROPPING +6 ring of strength.
  7478 | D:6      | 7478 ||| READING 2 scrolls labelled RAIKEC CUVUE.
  7479 | D:6      | 7479 ||| READING scroll labelled UXTUFR USIUQ.
  7480 | D:6      | 7480 ||| READING 2 scrolls of identify.
  7480 | D:6      | 7480 ||| IDENTIFYING red potion
  7481 | D:6      | 7481 ||| DROPPING potion of degeneration.
  7482 | D:6      | 7482 ||| DROPPING scroll of fog.
  7518 | D:7      | 7518 ||| INVOKING Fiery Armour.
  7586 | D:7      | 7586 ||| FLEEEEING.
  7587 | D:7      | 7587 ||| STAIRDANCE
  7920 | D:7      | Found a snail-covered altar of Cheibriados.
  7928 | D:7      | 7928 ||| Stepping ~*~*~tactically~*~*~ (hiding).
  7929 | D:7      | 7929 ||| Stepping ~*~*~tactically~*~*~ (hiding).
  8039 | D:7      | Found a hazy altar of Hepliaklqana.
  8090 | D:7      | Reached XP level 10. HP: 74/79 MP: 11/11
  8209 | D:7      | Reached skill level 11 in Axes
  8448 | D:7      | 8448 ||| Stepping ~*~*~tactically~*~*~ (stealth).
  8734 | D:7      | 8734 ||| FLEEEEING.
  8735 | D:7      | 8735 ||| FLEEEEING.
  8736 | D:7      | 8736 ||| FLEEEEING.
  8742 | D:7      | 8742 ||| FLEEEEING.
  8743 | D:7      | 8743 ||| FLEEEEING.
  8744 | D:7      | 8744 ||| FLEEEEING.
  8745 | D:7      | 8745 ||| FLEEEEING.
  8746 | D:7      | 8746 ||| FLEEEEING.
  8747 | D:7      | 8747 ||| FLEEEEING.
  8757 | D:7      | 8757 ||| STAIRDANCE
  8819 | D:6      | 8819 ||| READING scroll labelled PECVOA NEMA.
  8820 | D:6      | 8820 ||| READING 2 scrolls of identify.
  8820 | D:6      | 8820 ||| IDENTIFYING silvery potion
  8821 | D:6      | 8821 ||| DROPPING potion of attraction.
  8822 | D:6      | 8822 ||| Stepping randomly (stuck).
  8823 | D:6      | 8823 ||| Stepping ~*~*~tactically~*~*~ (cloud).
  9102 | D:8      | Reached skill level 6 in Armour
  9116 | D:8      | Identified the +3 spear of Distraction {freeze, rC+ rN+
                  | Str+5}
  9143 | D:8      | 9143 ||| Stepping ~*~*~tactically~*~*~ (water).
  9153 | D:8      | 9153 ||| INVOKING Fiery Armour.
  9162 | D:8      | 9162 ||| Stepping ~*~*~tactically~*~*~ (water).
  9197 | D:8      | 9197 ||| FLEEEEING.
  9219 | D:8      | 9219 ||| Stepping ~*~*~tactically~*~*~ (stealth).
  9409 | D:8      | 9409 ||| Stepping ~*~*~tactically~*~*~ (hiding).
  9410 | D:8      | 9410 ||| Stepping ~*~*~tactically~*~*~ (hiding).
  9431 | D:8      | 9431 ||| INVOKING Fiery Armour.
  9462 | D:8      | 9462 ||| Stepping ~*~*~tactically~*~*~ (stealth).
  9463 | D:8      | 9463 ||| Stepping ~*~*~tactically~*~*~ (stealth).
  9464 | D:8      | 9464 ||| Stepping ~*~*~tactically~*~*~ (stealth).
  9465 | D:8      | 9465 ||| Stepping ~*~*~tactically~*~*~ (stealth).
  9468 | D:8      | 9468 ||| Stepping ~*~*~tactically~*~*~ (stealth).
  9469 | D:8      | 9469 ||| Stepping ~*~*~tactically~*~*~ (stealth).
  9486 | D:8      | 9486 ||| Stepping ~*~*~tactically~*~*~ (stealth).
  9494 | D:8      | 9494 ||| FLEEEEING.
  9497 | D:8      | 9497 ||| FLEEEEING.
  9498 | D:8      | 9498 ||| FLEEEEING.
  9499 | D:8      | 9499 ||| FLEEEEING.
  9502 | D:8      | 9502 ||| FLEEEEING.
  9503 | D:8      | 9503 ||| FLEEEEING.
  9504 | D:8      | 9504 ||| FLEEEEING.
  9505 | D:8      | 9505 ||| FLEEEEING.
  9507 | D:8      | 9507 ||| FLEEEEING.
  9508 | D:8      | 9508 ||| FLEEEEING.
  9509 | D:8      | 9509 ||| FLEEEEING.
  9510 | D:8      | 9510 ||| FLEEEEING.
  9511 | D:8      | 9511 ||| FLEEEEING.
  9512 | D:8      | 9512 ||| FLEEEEING.
  9519 | D:8      | 9519 ||| FLEEEEING.
  9533 | D:8      | 9533 ||| FLEEEEING.
  9534 | D:8      | 9534 ||| FLEEEEING.
  9535 | D:8      | 9535 ||| FLEEEEING.
  9536 | D:8      | 9536 ||| FLEEEEING.
  9537 | D:8      | 9537 ||| FLEEEEING.
  9538 | D:8      | 9538 ||| STAIRDANCE
  9781 | D:7      | 9781 ||| UPGRADING to +0 pair of gloves.
  9786 | D:7      | 9786 ||| DROPPING ring of flight.
  9787 | D:7      | 9787 ||| READING 2 scrolls of identify.
  9787 | D:7      | 9787 ||| IDENTIFYING emerald potion
  9788 | D:7      | 9788 ||| DROPPING potion of flight.
  9805 | D:8      | 9805 ||| STAIRDANCE
  9958 | D:8      | 9958 ||| Stepping ~*~*~tactically~*~*~ (hiding).
 10006 | D:8      | 10006 ||| Stepping ~*~*~tactically~*~*~ (stealth).
 10011 | D:8      | 10011 ||| Stepping ~*~*~tactically~*~*~ (stealth).
 10014 | D:8      | 10014 ||| Stepping ~*~*~tactically~*~*~ (stealth).
 10060 | D:8      | 10060 ||| INVOKING Fiery Armour.
 10069 | D:8      | Reached skill level 12 in Axes
 10098 | D:8      | 10098 ||| Stepping ~*~*~tactically~*~*~ (stealth).
 10103 | D:8      | 10103 ||| Stepping ~*~*~tactically~*~*~ (stealth).
 10207 | D:8      | Noticed Erica
 10208 | D:8      | 10208 ||| INVOKING Fiery Armour.
 10214 | D:8      | 10214 ||| DRINKING 3 potions of curing.
 10214 | D:8      | 10214 ||| (to cure confusion)
 10219 | D:8      | HP: 20/80 [poisoned by Erica (bolt of poison)]
 10220 | D:8      | 10220 ||| DRINKING potion of heal wounds.
 10225 | D:8      | HP: 20/80 [poisoned by Erica (bolt of poison)]
 10226 | D:8      | 10226 ||| DRINKING 2 potions of curing.
 10226 | D:8      | 10226 ||| (to cure confusion)
 10231 | D:8      | 10231 ||| DRINKING potion of curing.
 10231 | D:8      | 10231 ||| (to cure confusion)
 10233 | D:8      | HP: 19/80 [Erica/bolt of poison (13)]
 10238 | D:8      | HP: 10/80 [poisoned by Erica (bolt of poison)]
 10240 | D:8      | Killed from afar by Erica

Levels and vault maps discovered:
D:1:      dpeg_arrival_ternary, layout_basic,
          hellmonk_ecumenical_altar_slurped_away, serial_shops, shop,
          minmay_misc_feat_rows
D:2:      layout_loops_ring, basic_altar
D:3:      layout_rooms, grunt_ministairs_8, minmay_ogre_servants, uniq_ijyb
D:4:      layout_loops_ring, grunt_gozag_breadcrumbs,
          ashenzari_conservatory_becter, mainiacjoe_overflow_paths
D:5:      layout_gridville, mainiacjoe_overflow_concentric_impassable,
          minmay_temple_entry_junction
D:6:      layout_loops_ring, nemelex_dance_club_becter, makhleb_grotto_becter,
          uniq_duvessa, uniq_crazy_yiuf_cottage, uniq_sigmund, uniq_edmund
D:7:      layout_basic, mainiacjoe_overflow_six_doors_small, kennysheep_mini
D:8:      cheibrodos_ideogram_h, layout_loops_cross, uniq_erica

Skill      XL: |  1  2  3  4  5  6  7  8  9 10 |
---------------+-------------------------------+-----
Axes           | 4 5 6 7 9 10 12 | 12.0
Dodging        | 1 |  1.0
Armour         | 1 3 4 5 6 |  6.1
Fighting       | 4 5 7 8 |  8.0
Throwing       | 1 |  1.2
Spellcasting   | |  1.1
Fire Magic     | |  3.0

Action                   |  1- 3 |  4- 6 |  7- 9 | 10-12 || total
-------------------------+-------+-------+-------+-------++-------
Melee: Hand axe          |   120 |   141 |   201 |       ||   462
       Punch             |     1 |       |     7 |     1 ||     9
       War axe           |       |       |    85 |   174 ||   259
Throw: Boomerang         |       |       |    28 |       ||    28
Invok: Fiery Armour      |     2 |     3 |     4 |     4 ||    13
  Use: Scroll            |     4 |     2 |    11 |     3 ||    20
       Potion            |     1 |     1 |     7 |     4 ||    13
Armor: Robe              |    15 |       |       |       ||    15
       Leather armour    |    13 |     3 |       |       ||    16
       Ring mail         |       |    29 |       |       ||    29
       Scale mail        |       |    20 |    32 |       ||    52
       Plate armour      |       |       |   124 |    73 ||   197
Dodge: Dodged            |    55 |    52 |   103 |    80 ||   290
Block: Other             |       |       |    34 |    40 ||    74
       Reflection        |       |       |       |     4 ||     4

Table legend:
 A = Non-vault XP
 B = Vault XP
 C = Vault XP percentage of total XP
 D = Non-vault monster count
 E = Vault monster count
 F = Vault count percentage of total count
                 A         B        C        D         E       F
            +---------+---------+-------+---------+---------+-------
      Total |    3656 |    2579 |  41.4 |     138 |      37 |  21.1
            +---------+---------+-------+---------+---------+-------
        D:1 |      41 |       2 |   4.7 |      21 |       1 |   4.5
        D:2 |      37 |       0 |   0.0 |      19 |       0 |   0.0
        D:3 |     152 |     228 |  60.0 |      15 |      15 |  50.0
        D:4 |     369 |       0 |   0.0 |      18 |       0 |   0.0
        D:5 |     551 |       0 |   0.0 |      14 |       0 |   0.0
        D:6 |    1127 |     761 |  40.3 |      21 |       7 |  25.0
        D:7 |    1051 |       0 |   0.0 |      24 |       0 |   0.0
        D:8 |     328 |    1588 |  82.9 |       6 |      14 |  70.0
            +---------+---------+-------+---------+---------+-------
